 Dungeon Crawl Stone Soup version 0.26-a0-739-gf55cbd344a (webtiles) character file.

Game seed: 5825068064861342292

35128 robertstho the Eclecticist (level 13, -3/68 HPs)
             Began as a Deep Elf Ice Elementalist on Nov 5, 2020.
             Was a Priest of Sif Muna.
             Slain by an ice dragon (16 damage)
             ... in an ice cave.
             The game lasted 01:03:28 (26409 turns).

robertstho the Eclecticist (DEIE)                  Turns: 26409, Time: 01:03:30

Health: -3/68      AC: 14    Str:  5    XL:     13   Next: 45%
Magic:  11/36      EV: 18    Int: 30    God:    Sif Muna [***...]
Gold:   756        SH:  5    Dex: 15    Spells: 27/46 levels left

rFire    . . .     SeeInvis +   W - +1 rapier "Yjuweerr" {freeze, rC+ rN+ Int+4 SInv}
rCold    + + +     Faith    .   (no shield)
rNeg     + . .     Spirit   .   R - +2 robe {rC+}
rPois    .         Reflect  +   P - +2 hat
rElec    .         Harm     .   G - scarf {shadows}
rCorr    .         Rampage  .   E - +1 pair of gloves
MR       ++...                  w - +1 pair of boots
Stlth    +++.......             h - amulet of reflection
HPRegen  0.21/turn              v - ring of protection from cold
MPRegen  0.25/turn              X - +4 ring of protection

@: no status effects
A: repulsion field 1, magic resistance 1, sense surroundings 1, MP-powered wands
a: Channel Magic, Forget Spell, Renounce Religion


You were in an ice cave.
You worshipped Sif Muna.
Sif Muna was most pleased with you.
You visited 3 branches of the dungeon, and saw 17 of its levels.
You also visited: Ice Cave.

You collected 1128 gold pieces.
You spent 372 gold pieces at shops.

Inventory:

Hand Weapons
 O - a +6 spear
 W - the +1 rapier "Yjuweerr" (weapon) {freeze, rC+ rN+ Int+4 SInv}
   (You found it on level 13 of the Dungeon)

   It has been specially enchanted to freeze those struck by it, causing extra
   injury to most foes and up to half again as much damage against particularly
   susceptible opponents.
   It can also slow down cold-blooded creatures.
   It affects your intelligence (+4).
   It protects you from cold.
   It protects you from negative energy.
   It lets you see invisible.
 Y - the +4 flail of Distant Worlds {vorpal, rF+}
   (You found it on level 13 of the Dungeon)

   It inflicts extra damage upon your enemies.
   It protects you from fire.
Missiles
 d - 9 curare-tipped darts
 q - 47 poisoned darts (quivered)
Armour
 w - a +1 pair of boots (worn)
 E - a +1 pair of gloves (worn)
 G - a scarf of shadows (worn)
 P - a +2 hat (worn)
 R - a +2 robe of cold resistance (worn)
 U - +0 acid dragon scales
Jewellery
 c - an uncursed ring of protection from fire
 f - an uncursed ring of see invisible
 h - an amulet of reflection (around neck)
 s - a +4 ring of slaying
 u - an uncursed ring of protection from fire
 v - a ring of protection from cold (left hand)
 y - a +4 ring of protection
 A - a +4 ring of slaying
 M - an uncursed amulet of regeneration
 X - a +4 ring of protection (right hand)
Wands
 a - a wand of polymorph (11)
 j - a wand of enslavement (3)
 p - a wand of paralysis (19)
 J - a wand of iceblast (10)
 V - a wand of disintegration (7)
Scrolls
 e - 2 scrolls of fog {unknown}
 g - 2 scrolls of immolation {unknown}
 l - 9 scrolls of remove curse
 n - 7 scrolls of teleportation
 o - 8 scrolls of enchant weapon
 t - 4 scrolls of enchant armour
 z - a scroll of random uselessness {unknown}
 D - a scroll of brand weapon {unknown}
 F - a scroll of noise {unknown}
 I - 2 scrolls of blinking {unknown}
 S - a scroll of vulnerability {unknown}
Potions
 i - 2 potions of attraction
 k - a potion of magic
 m - 2 potions of brilliance
 x - 5 potions of ambrosia
 B - 2 potions of cancellation
 H - 4 potions of haste
 K - a potion of lignification
 T - a potion of curing
Miscellaneous
 Q - a phantom mirror (inert)


   Skills:
 + Level 3.3 Fighting
 + Level 3.2 Short Blades
 + Level 2.3 Maces & Flails
 + Level 1.6 Polearms
 + Level 6.2 Dodging
 + Level 6.3 Stealth
 * Level 17.2 Spellcasting
 + Level 1.1 Conjurations
 + Level 1.1 Hexes
 + Level 6.8 Summonings
 * Level 13.6 Ice Magic
 * Level 9.1 Invocations


You had 27 spell levels left.
You knew the following spells:

 Your Spells              Type           Power        Failure   Level
a - Freeze                Ice            ####         0%          1
b - Frozen Ramparts       Ice            ######       1%          3
c - Ozocubu's Armour      Ice            ######..     1%          3
d - Hailstorm             Conj/Ice       #####...     1%          4
e - Summon Ice Beast      Ice/Summ       #####...     1%          4
f - Fulminant Prism       Conj/Hex       ###.......   11%         4

Your spell library contained the following spells:

 Spells                   Type           Power        Failure   Level
 Beastly Appendage        Tmut           ##....       1%          1
 Magic Dart               Conj           ###.         1%          1
 Call Imp                 Summ           ####....     1%          2
 Slow                     Hex            ###.....     1%          2
 Blink                    Tloc           N/A          2%          2
 Tukima's Dance           Hex            ###.....     3%          3
 Conjure Flame            Conj/Fire      ##......     4%          3
 Mephitic Cloud           Conj/Pois/Air  ##......     4%          3
 Cause Fear               Hex            ###.......   11%         4
 Summon Greater Demon     Summ           ####......   65%         7
 Necromutation            Tmut/Necr      ##........   100%        8


Dungeon Overview and Level Annotations

Branches:
Dungeon (14/15)            Temple (1/1) D:5            Lair (2/6) D:11
 Spider (0/4) Lair:2          Orc (0/2) D:9           IceCv (1/1)
  Swamp: Lair:2-4    Shoals: Lair:2-4    Vaults: D:13-14

Altars:
Cheibriados
Dithmenos
Elyvilon
Fedhas
Gozag
Makhleb
Nemelex Xobeh
Okawaru
Qazlal
Ru
Sif Muna
Trog
Uskayaw
Vehumet
Wu Jian
Xom
Yredelemnul
Zin
The Shining One
Beogh

Shops:
D:7 *

Annotations:
D:6 2 runed translucent doors, Melum's ghost, novice DsDe
D:10 3 runed translucent doors, bastard's ghost, journeyman GnWn


Innate Abilities, Weirdness & Mutations

You are surrounded by a mild repulsion field. (EV +2)
You are resistant to hostile enchantments. (MR+)
You passively map a small area around you.
You expend magic power (3 MP) to strengthen your wands.


Message History

Casting: Fulminant Prism (dangerous; 11% risk of failure)
Confirm with . or Enter, or press ? or * to list all spells.
Press: ? - help, Dir - move target cursor You feel a numb sensation.
You conjure a prism of explosive energy!
A fulminant prism comes into view.
The ice dragon misses you. The ice dragon claws you!
The ice dragon tramples you.
You stumble backwards!
You hit the ice dragon.
The ice dragon is severely wounded.
The ice dragon closely misses you. The ice dragon claws you.
The ice dragon tramples you.
You stumble backwards!
Your fulminant prism crackles loudly.
You closely miss the ice dragon.
The ice dragon is severely wounded.
The ice dragon bites you!
* * * LOW HITPOINT WARNING * * *
The ice dragon claws you but does no damage.
The ice dragon tramples you!
You die...

#..##.........#
##.###........##
#..# ##........#
#.## #.......##
##.# ##.....##
#..# #.....#
#..# ##..###
##..# ##.#.#
##@.## #..###
###D.## ##.##
#...## *##..#
###.### #..##
##.#**# ≈ ##..#
# #..##.## ≈≈
*##.## #
#..*#..#≈ #.#.#
# ##.#...##≈≈≈
##.## # #*.#####
≈ #..# ##


You could see an ice dragon (catching breath) and a friendly fulminant prism.

Vanquished Creatures
  Gastronok (D:8)
  The ghost of Uleum the Cleaver, a journeyman MiBe of Trog (Lair:1)
  Erolcha (D:9)
  An ice dragon (IceCv)
  2 two-headed ogres
  The ghost of Morgoth the Nimble, a journeyman TeWr of Vehumet (Lair:1)
  The ghost of ArcanElement the Thaumaturge, a journeyman DEWz of Sif Muna (Lair:1)
  2 death yaks (D:11)
  The ghost of Imnulubo the Destroyer, a novice TeFE of Vehumet (Lair:1)
  Sonja (Lair:1)
  Pikel (D:9)
  An ugly thing (D:13)
  2 cyclopes (D:11)
  2 ice statues (IceCv)
  2 centaur zombies (D:13)
  A gargoyle (D:13)
  3 centaur skeletons
  2 cane toads (Lair:1)
  A rime drake (Lair:2)
  A komodo dragon (Lair:1)
  A komodo dragon (shapeshifter) (D:13)
  A troll (D:11)
  A queen bee (D:11)
  A polar bear (D:10)
  Prince Ribbit (D:9)
  4 slime creatures (D:13)
  3 blink frogs (Lair:1)
  A vampire (D:11)
  20 yaks
  A shadow (D:11)
  A basilisk (Lair:1)
  Grum (D:10)
  A steam dragon (D:10)
  An acid dragon (D:11)
  4 water moccasins
  6 orc warriors
  5 sky beasts
  4 black bears
  An eye of draining (D:6)
  2 phantoms
  5 ogres
  10 ice beasts
  3 wolves (D:10)
  9 centaurs
  A lemure (D:9)
  3 big kobolds
  2 nameless horrors
  8 bullfrogs
  2 scorpions
  27 killer bees
  An electric eel (D:10)
  4 howler monkeys
  A quasit (D:12)
  2 bullfrog zombies (D:9)
  2 hounds
  A gnoll shaman (D:7)
  6 jellies
  8 orc priests
  A bullfrog skeleton (D:5)
  5 orc wizards
  7 iguanas
  Ijyb (D:3)
  6 worker ants
  A killer bee zombie (D:8)
  A hound skeleton (D:6)
  A hound zombie (D:4)
  Robin (D:2)
  6 gnolls
  A howler monkey skeleton (D:6)
  11 adders
  A river rat (D:11)
  A shadow imp (D:8)
  3 white imps
  5 ufetubi
  3 oozes (D:9)
  An adder skeleton (D:5)
  2 worms (D:2)
  4 dart slugs
  3 leopard geckos (D:3)
  50 orcs
  3 ball pythons
  10 bats
  8 giant cockroaches
  25 goblins
  5 hobgoblins
  10 jackals
  21 kobolds
  3 quokkas
  5 frilled lizards
  A jackal skeleton (D:6)
  10 rats
399 creatures vanquished.

Vanquished Creatures (collateral kills)
  The ghost of Vew Pil the Grappler, a journeyman DrTm of Okawaru (Lair:1)
  2 hydras (D:13)
  3 two-headed ogres
  2 death yaks
  2 deep elf magi (D:13)
  2 ugly things
  A faun (shapeshifter) (D:13)
  A centaur zombie (D:13)
  A manticore (D:12)
  Joseph (D:9)
  3 rime drakes
  A troll (D:11)
  2 polar bears (D:10)
  A slime creature (D:13)
  3 shadows
  7 yaks
  11 ice beasts
  5 orc warriors
  2 phantoms
  2 ogres (D:13)
  4 centaurs
  A big kobold (D:13)
  2 bullfrogs (D:9)
  A wyvern skeleton (D:11)
  A water moccasin zombie (D:9)
  A scorpion (D:9)
  4 killer bees
  3 wights (D:11)
  3 electric eels
  2 bullfrog zombies
  3 orc priests
  A jelly (D:9)
  6 orc wizards
  An iguana (D:9)
  A bullfrog simulacrum (D:10)
  3 gnolls (D:7)
  A howler monkey skeleton (D:9)
  4 white imps
  2 oozes (D:9)
  8 orcs
  A quokka skeleton (D:5)
106 creatures vanquished.

Vanquished Creatures (others)
  An eye of draining (D:14)
  40 fulminant prisms (IceCv)
  A fungus (Lair:1)
  8 plants (Lair:1)
50 creatures vanquished.

Grand Total: 555 creatures vanquished

Notes
Turn   | Place    | Note
-------+----------+-------------------------------------------
     0 | D:1      | robertstho the Deep Elf Ice Elementalist began the quest
                  | for the Orb.
     0 | D:1      | Reached XP level 1. HP: 10/10 MP: 6/6
   541 | D:1      | Reached XP level 2. HP: 10/15 MP: 6/8
  1407 | D:1      | Reached skill level 5 in Ice Magic
  1407 | D:1      | Reached XP level 3. HP: 15/19 MP: 7/10
  1580 | D:1      | Learned a level 3 spell: Frozen Ramparts
  1634 | D:1      | Learned a level 3 spell: Ozocubu's Armour
  1745 | D:2      | Reached skill level 4 in Spellcasting
  1856 | D:2      | Found a shimmering altar of Xom.
  1858 | D:2      | Found a shimmering altar of Xom.
  2053 | D:2      | Found a shimmering altar of Xom.
  2053 | D:2      | Found a shimmering altar of Xom.
  2054 | D:2      | Found a shimmering altar of Xom.
  2054 | D:2      | Found a shimmering altar of Xom.
  2054 | D:2      | Found a shimmering altar of Xom.
  2054 | D:2      | Found a shimmering altar of Xom.
  2087 | D:2      | Found a burning altar of Makhleb.
  2164 | D:2      | Noticed Robin
  2171 | D:2      | Reached XP level 4. HP: 6/24 MP: 4/12
  2173 | D:2      | Killed Robin
  3357 | D:3      | Reached skill level 5 in Spellcasting
  3550 | D:3      | Reached XP level 5. HP: 26/28 MP: 10/14
  3684 | D:3      | Noticed Ijyb
  3693 | D:3      | Paralysed by Ijyb for 2 turns
  3703 | D:3      | Paralysed by Ijyb for 6 turns
  3722 | D:3      | Paralysed by Ijyb for 2 turns
  3732 | D:3      | Killed Ijyb
  4315 | D:3      | Noticed an ogre
  4333 | D:3      | Killed an ogre
  4333 | D:3      | Reached skill level 6 in Spellcasting
  4333 | D:3      | Reached XP level 6. HP: 32/32 MP: 9/17
  4904 | D:4      | Reached skill level 7 in Spellcasting
  5109 | D:4      | Found a glowing golden altar of the Shining One.
  5226 | D:4      | Found a basalt altar of Yredelemnul.
  5290 | D:4      | Reached XP level 7. HP: 29/36 MP: 15/20
  5457 | D:4      | Noticed an angel
  5488 | D:5      | Entered Level 5 of the Dungeon
  5494 | D:5      | Learned a level 4 spell: Hailstorm
  5499 | D:5      | Learned a level 4 spell: Summon Ice Beast
  5919 | D:5      | Found an opulent altar of Gozag.
  5976 | D:5      | Reached skill level 8 in Spellcasting
  6506 | D:5      | Found a staircase to the Ecumenical Temple.
  6613 | Temple   | Entered the Ecumenical Temple
  6682 | Temple   | Became a worshipper of Sif Muna the Loreminder
  6731 | D:6      | Reached skill level 1 in Short Blades
  6921 | D:6      | Reached skill level 1 in Invocations
  6921 | D:6      | Reached XP level 8. HP: 42/42 MP: 11/22
  7001 | D:6      | Found a sparkling altar of Nemelex Xobeh.
  7042 | D:6      | Reached skill level 9 in Spellcasting
  7245 | D:6      | HP: 1/42 [orc priest/divine providence (16)]
  7535 | D:6      | Found a runed translucent door.
  7535 | D:6      | Noticed Melum's ghost (novice DsDe)
  7567 | D:6      | Found a runed translucent door.
  8146 | D:7      | Found Ywked's Assorted Antiques.
  8182 | D:7      | Reached * piety under Sif Muna
  8182 | D:7      | Reached skill level 1 in Fighting
  8282 | D:7      | Reached skill level 1 in Summonings
  8302 | D:7      | Bought a scroll of identify for 50 gold pieces
  8302 | D:7      | Bought a scroll of identify for 50 gold pieces
  8302 | D:7      | Bought a scroll labeled NUAFEBB YDOPE for 25 gold pieces
  8302 | D:7      | Bought an embroidered scarf for 200 gold pieces
  8302 | D:7      | Bought a scroll labeled EBBIQY AGAUVU for 25 gold pieces
  8302 | D:7      | Bought an inky potion for 22 gold pieces
  8438 | D:7      | Got a crude bone amulet
  8531 | D:7      | Reached skill level 10 in Spellcasting
  9005 | D:7      | Reached XP level 9. HP: 35/47 MP: 25/25
  9363 | D:8      | Noticed Gastronok
  9380 | D:8      | Killed Gastronok
  9380 | D:8      | Reached skill level 5 in Stealth
  9380 | D:8      | Reached skill level 11 in Spellcasting
  9797 | D:8      | Reached skill level 1 in Polearms
 10001 | D:8      | Found a hide-covered altar of Uskayaw.
 10026 | D:8      | Reached XP level 10. HP: 29/53 MP: 27/27
 10866 | D:8      | Got a smoking whip
 10866 | D:8      | Identified the cursed +0 whip of Spontaneous Combustion
                  | {protect, rF+ MR+ Str+3} (You found it on level 8 of the
                  | Dungeon)
 11020 | D:9      | Noticed Erolcha
 11039 | D:9      | Killed Erolcha
 11039 | D:9      | Reached skill level 5 in Invocations
 11237 | D:9      | Reached skill level 12 in Spellcasting
 11239 | D:9      | Reached ** piety under Sif Muna
 11409 | D:9      | You fall into a shaft and drop 1 floor!
 11409 | D:10     | Entered Level 10 of the Dungeon
 11469 | D:10     | Noticed a two-headed ogre
 11899 | D:9      | Noticed Joseph
 11914 | D:9      | Killed Joseph
 11914 | D:9      | Reached skill level 10 in Ice Magic
 12300 | D:9      | Noticed Pikel
 12316 | D:9      | Killed Pikel
 12422 | D:9      | Noticed a two-headed ogre
 12432 | D:9      | Killed a two-headed ogre
 12432 | D:9      | Reached skill level 13 in Spellcasting
 12829 | D:9      | Reached skill level 5 in Dodging
 13133 | D:9      | Found a staircase to the Orcish Mines.
 13290 | D:9      | Noticed a two-headed ogre
 13305 | D:9      | Killed a two-headed ogre
 13305 | D:9      | Reached XP level 11. HP: 57/57 MP: 12/30
 13432 | D:9      | Reached *** piety under Sif Muna
 13736 | D:9      | Noticed Prince Ribbit
 13748 | D:9      | Killed Prince Ribbit
 13921 | D:10     | Killed a two-headed ogre
 14269 | D:10     | Found a runed translucent gate.
 14269 | D:10     | Found a runed translucent gate.
 14270 | D:10     | Found a runed translucent gate.
 14679 | D:10     | Noticed Grum
 14691 | D:10     | Killed Grum
 14768 | D:10     | Found a bloodstained altar of Trog.
 14790 | D:10     | Reached skill level 1 in Maces & Flails
 14971 | D:10     | Noticed a death yak
 14997 | D:10     | Killed a death yak
 15027 | D:10     | Reached **** piety under Sif Muna
 15184 | D:10     | Reached skill level 14 in Spellcasting
 15456 | D:10     | Noticed bastard's ghost (journeyman GnWn)
 15457 | D:10     | Noticed a ten-headed hydra
 15719 | D:11     | Noticed a two-headed ogre
 15734 | D:11     | Killed a two-headed ogre
 17691 | D:11     | Reached XP level 12. HP: 64/64 MP: 12/32
 17878 | D:11     | Identified the amulet "Ywoum" {Spirit rElec rN+ MR-} (You
                  | found it on level 7 of the Dungeon)
 18091 | D:11     | You fall into a shaft and drop 3 floors!
 18526 | D:13     | Reached skill level 15 in Spellcasting
 18650 | D:13     | Reached ***** piety under Sif Muna
 19186 | D:13     | Identified Sif Muna's Incunabulum of Unstable Execration
                  | (Sif Muna gifted it to you on level 13 of the Dungeon)
 19186 | D:13     | Received a gift from Sif Muna
 19197 | D:13     | Reached skill level 5 in Summonings
 19205 | D:13     | Got a translucent rapier
 19473 | D:13     | Noticed a six-headed hydra
 19491 | D:13     | Killed a six-headed hydra
 19570 | D:13     | Noticed a six-headed hydra
 19581 | D:13     | Killed a six-headed hydra
 19752 | D:13     | Found a roughly hewn altar of Beogh.
 20179 | D:13     | Got a dazzling flail
 20205 | D:13     | Noticed a two-headed ogre
 20223 | D:13     | Killed a two-headed ogre
 20223 | D:13     | Reached skill level 16 in Spellcasting
 21284 | D:12     | Identified the +1 rapier "Yjuweerr" {freeze, rC+ rN+ Int+4
                  | SInv} (You found it on level 13 of the Dungeon)
 21285 | D:12     | Identified the +4 flail of Distant Worlds {vorpal, rF+}
                  | (You found it on level 13 of the Dungeon)
 21814 | D:11     | Noticed a death yak
 21821 | D:11     | Noticed a death yak
 21822 | D:11     | Noticed a death yak
 21827 | D:11     | Identified Sif Muna's Collected Works on the Supportive
                  | Oath (Sif Muna gifted it to you on level 11 of the Dungeon)
 21827 | D:11     | Received a gift from Sif Muna
 21937 | D:11     | Found a staircase to the Lair.
 21955 | D:11     | Killed a death yak
 21960 | D:11     | Killed a death yak
 21967 | D:11     | Killed a death yak
 21967 | D:11     | Reached skill level 1 in Conjurations
 22505 | D:11     | Reached XP level 13. HP: 50/68 MP: 24/35
 22717 | Lair:1   | Entered Level 1 of the Lair of Beasts
 22726 | Lair:1   | Found a runed translucent gate.
 22726 | Lair:1   | Found a runed translucent gate.
 22726 | Lair:1   | Found a runed translucent gate.
 22727 | Lair:1   | Noticed Morgoth's ghost (journeyman TeWr)
 22727 | Lair:1   | Noticed ArcanElement's ghost (journeyman DEWz)
 22727 | Lair:1   | Noticed Vew Pil's ghost (journeyman DrTm)
 22727 | Lair:1   | Noticed Uleum's ghost (journeyman MiBe)
 22728 | Lair:1   | Noticed Imnulubo's ghost (novice TeFE)
 22855 | Lair:1   | Noticed Sonja
 22861 | Lair:1   | Killed Sonja
 23908 | Lair:1   | Learned a level 4 spell: Fulminant Prism
 23935 | Lair:1   | Killed ArcanElement's ghost
 23943 | Lair:1   | Killed Imnulubo's ghost
 23955 | Lair:1   | Killed Uleum's ghost
 23956 | Lair:1   | Killed Morgoth's ghost
 23956 | Lair:1   | Reached skill level 17 in Spellcasting
 23968 | Lair:1   | Killed Vew Pil's ghost
 24261 | Lair:2   | Found a frozen archway.
 24284 | IceCv    | Entered an ice cave
 25001 | IceCv    | Gained mutation: Your magical capacity is low. (-10% MP)
                  | [potion of mutation]
 25001 | IceCv    | Gained mutation: You do not regenerate when monsters are
                  | visible. [potion of mutation]
 25001 | IceCv    | Gained mutation: You are surrounded by a mild repulsion
                  | field. (EV +2) [potion of mutation]
 25049 | IceCv    | Lost mutation: Your magical capacity is low. (-10% MP)
                  | [potion of mutation]
 25049 | IceCv    | Lost mutation: You do not regenerate when monsters are
                  | visible. [potion of mutation]
 25049 | IceCv    | Gained mutation: You passively map a small area around you.
                  | [potion of mutation]
 25049 | IceCv    | Gained mutation: You expend magic power (3 MP) to
                  | strengthen your wands. [potion of mutation]
 25049 | IceCv    | Gained mutation: You are resistant to hostile enchantments.
                  | (MR+) [potion of mutation]
 26193 | IceCv    | Reached skill level 1 in Hexes
 26409 | IceCv    | Slain by an ice dragon

Illustrated notes

Levels and vault maps discovered:
D:1:      dpeg_arrival_long_road, layout_loops_ring, chequers_arboretum
D:2:      layout_basic, overflow_temple_1_default, xom_redecorated, uniq_robin
D:3:      kennysheep_goblin_castle, layout_rooms
D:4:      layout_loops_cross, grunt_temple_overflow_holy_war
D:5:      layout_basic, marbit_many_paths, minmay_temple_entry_poolview,
          st_stairs_11, hangedman_decor_peaks_small
D:6:      layout_loops_ring, kennysheep_little_box, ebering_ghost_sewer_f
D:7:      layout_layer_cave, kennysheep_small_circle
D:8:      layout_loops_corners, nicolae_overflow_hidden_temple,
          kennysheep_mini_moat, serial_glass, glass_columns_a, glass_columns_a,
          uniq_gastronok
D:9:      layout_basic, erik_orc_2, hangedman_little_slice_of_home,
          uniq_prince_ribbit1, uniq_pikel, uniq_joseph, uniq_erolcha
D:10:     layout_rooms, gammafunk_ghost_hydra_chop, serial_ice, serial_ice_o,
          serial_ice_a, serial_ice_b, serial_ice_g, serial_ice_i, serial_ice_c,
          nrook_mini_backslash, trog_ov_bears_minmay, uniq_grum
D:11:     layout_stronghold, dpeg_lair_monsters, minivault_7
D:12:     layout_basic, minmay_strange_pillars
D:13:     layout_layer_cave, david_vaults_4, special_room [special_room_orc]
D:14:     layout_rooms, hex_tiny, minmay_misc_feat_rows
Temple:   zaba_magenta_temple
Lair:1:   layout_misc_corridors, gammafunk_ghost_cemetery, serial_bayou_shore_a,
          infiniplex_staircase_pool_2, uniq_sonja
Lair:2:   layout_gridlike, spider_nest_entry_a, portal_ice_cave_rime
IceCv:    ice_cave_small_dragons

Skill      XL: |  1  2  3  4  5  6  7  8  9 10 11 12 13 |
---------------+----------------------------------------+-----
Ice Magic      | 5 6 7 8 9 10 11 13 | 13.6
Spellcasting   | 4 5 6 7 8 10 11 13 14 16 17 | 17.2
Stealth        | 3 4 5 6 |  6.3
Dodging        | 3 4 5 6 |  6.2
Short Blades   | 1 2 3 |  3.2
Invocations    | 1 2 4 6 7 8 9 |  9.1
Fighting       | 1 3 |  3.3
Summonings     | 1 2 3 4 6 |  6.8
Polearms       | 1 |  1.6
Maces & Flails | 1 2 |  2.3
Conjurations   | 1 |  1.1
Hexes          | 1 |  1.1

Action                   |  1- 3 |  4- 6 |  7- 9 | 10-12 | 13-15 || total
-------------------------+-------+-------+-------+-------+-------++-------
Melee: Unarmed           |    44 |       |       |       |       ||    44
       Dagger            |    42 |    50 |   106 |       |       ||   198
       Spear             |       |       |    50 |    25 |       ||    75
       Whip              |       |       |       |   305 |       ||   305
       Flail             |       |       |       |     2 |    29 ||    31
       Rapier            |       |       |       |       |   184 ||   184
 Cast: Freeze            |    22 |     5 |     1 |     4 |       ||    32
       Frozen Ramparts   |     5 |    33 |    25 |   127 |    16 ||   206
       Ozocubu's Armour  |     1 |     1 |     1 |       |       ||     3
       Summon Ice Beast  |       |       |    13 |   204 |    78 ||   295
       Hailstorm         |       |       |     1 |    21 |    11 ||    33
       Fulminant Prism   |       |       |       |       |    41 ||    41
Invok: Channel Magic     |       |       |       |     3 |     5 ||     8
Evoke: Wand              |       |       |       |     2 |     6 ||     8
       Phantom mirror    |       |       |       |       |     1 ||     1
  Use: Scroll            |       |       |     9 |     6 |     2 ||    17
       Potion            |       |       |     3 |     4 |    10 ||    17
 Stab: Sleeping          |    11 |     3 |     6 |     9 |     2 ||    31
       Invisible         |       |       |     1 |       |       ||     1
       Distracted        |       |       |       |     6 |     3 ||     9
Armor: Robe              |    21 |    15 |    36 |   128 |    94 ||   294
       Skin              |       |       |       |       |    77 ||    77
Dodge: Dodged            |    65 |    76 |    87 |   336 |   183 ||   747
Block: Other             |       |       |    31 |   117 |    83 ||   231
       Reflection        |       |       |     2 |    10 |       ||    12

Table legend: (Time is in decaauts)
 A = Elapsed time spent in this place.
 B = Non-inter-level travel time spent in this place.
 C = Inter-level travel time spent in this place.
 D = Time resting spent in this place.
 E = Time spent auto-exploring this place.
 F = Levels seen in this place.
 G = Mean time per level.
                   A        B        C        D        E       F      G
               +--------+--------+--------+--------+--------+-----+--------+
         Total |  26434 |  25905 |    529 |   3958 |  17032 |  18 | 1468.6 |
       Dungeon |  22628 |  22146 |    482 |   2871 |  15284 |  14 | 1616.3 |
        Temple |     86 |     69 |     17 |      0 |     45 |   1 |   86.0 |
          Lair |   1594 |   1565 |     29 |     21 |   1269 |   2 |  797.0 |
      Ice Cave |   2125 |   2125 |      0 |   1066 |    434 |   1 | 2125.0 |
               +--------+--------+--------+--------+--------+-----+--------+

Top non-repeatable levels by time:
    D:11: 3548 daAuts
     D:9: 2730 daAuts
    D:13: 2134 daAuts
   IceCv: 2125 daAuts
     D:8: 1777 daAuts
     D:1: 1737 daAuts
     D:2: 1714 daAuts
    D:10: 1644 daAuts
  Lair:1: 1560 daAuts
    D:12: 1514 daAuts
     D:6: 1376 daAuts
     D:3: 1278 daAuts
     D:7: 1231 daAuts
     D:5: 1150 daAuts
     D:4: 754 daAuts
